 Dungeon Crawl Stone Soup version 0.30-a0-939-gc8157cb160 (webtiles) character file.

Game seed: 2265657927120100343

14704 cforsyth the Fighter (level 12, -14/68 HPs)
             Began as a Vine Stalker Fighter on Mar 25, 2023.
             Was a Priest of Uskayaw.
             Demolished by Rupert
             ... wielding a +0 battleaxe of freezing
              (15 damage)
             ... on level 13 of the Dungeon.
             The game lasted 00:23:30 (12027 turns).

cforsyth the Fighter (Vine Stalker Fighter)        Turns: 12027, Time: 00:23:31

Health: -14/68     AC: 27    Str: 27    XL:     12   Next: 19%
Magic:  0/22       EV:  5    Int:  8    God:    Uskayaw [***...]
Gold:   820        SH:  7    Dex: 21    Spells: 11/11 levels left

rFire   . . .      SeeInvis .    o - +8 flail of Damp Duty {drain, Str+4}
rCold   . . .      Faith    .    c - +0 buckler
rNeg    + + .      Spirit   +    J - +1 crystal plate armour
rPois   .          Reflect  .    E - +2 helmet of Trumpets {rN++}
rElec   .          Rampage  .    k - scarf {repulsion}
rCorr   .                        r - +1 pair of gloves of Vlad {Regen+}
Will    +....                    j - +0 pair of boots Stlth
                                 (no amulet)
HPRegen 1.91/turn                s - +6 ring of dexterity
MPRegen 0.18/turn                z - ring of magical power

@: mighty, repel missiles
A: fangs 3, regeneration 1, magic shield, antimagic bite, no potion heal 2
a: Renounce Religion, Stomp, Line Pass


You were on level 13 of the Dungeon.
You worshipped Uskayaw.
Uskayaw was noncommittal.
You visited 2 branches of the dungeon, and saw 14 of its levels.
You also visited: Bailey.

You collected 1029 gold pieces.
You spent 209 gold pieces at shops.

Inventory:

Hand Weapons
 a - a +0 vampiric rapier
 o - the +8 flail of Damp Duty (weapon) {drain, Str+4}
   (You found it on level 3 of the Dungeon)

   Str:       It affects your strength (+4).
Missiles
 q - 2 throwing nets (quivered)
Armour
 c - a +0 buckler (worn)
 i - the +0 kite shield of the Dolphin {Rampage}
   (You found it in a bailey)

   Rampage:   It bestows one free step when moving towards enemies.
 j - a +0 pair of boots (worn)
 k - a scarf of repulsion (worn)
 n - a +0 troll leather armour
 r - the +1 pair of gloves of Vlad (worn) {Regen+}
   (You bought it in a shop on level 3 of the Dungeon)

   Regen:     It increases your rate of health regeneration.
 C - a +2 scale mail of poison resistance
 E - the +2 helmet of Trumpets (worn) {rN++}
   (You took it off Robin on level 2 of the Dungeon)

   rN:        It greatly protects you from negative energy.
 J - a +1 crystal plate armour (worn)
 M - a +2 pair of gloves
Jewellery
 d - a ring of see invisible
 s - a +6 ring of dexterity (left hand)
 x - a ring of willpower
 z - a ring of magical power (right hand)
 G - a ring of positive energy
 H - a ring of ice
 L - a ring of magical power
Wands
 y - a wand of flame (41)
 B - a wand of digging (6)
 O - a wand of charming (2)
Scrolls
 e - 3 scrolls of magic mapping
 f - 3 scrolls of amnesia
 h - 3 scrolls of teleportation
 p - a scroll of silence
 t - 3 scrolls of fear
 v - 2 scrolls of poison
 w - 2 scrolls of brand weapon
 A - a scroll of enchant weapon
 F - a scroll of vulnerability
 K - a scroll of blinking
 P - a scroll of immolation
 Q - a scroll of identify
 R - a scroll of fog {unknown}
Potions
 b - a potion of lignification {unknown}
 g - 5 potions of curing
 l - 2 potions of flight
 m - 3 potions of attraction
 u - 4 potions of brilliance
 D - a potion of resistance
 I - a potion of cancellation
 N - a potion of might


   Skills:
 + Level 10.3 Fighting
 - Level 10.0 Short Blades
 + Level 7.8 Armour
 + Level 8.6 Shields


You had 11 spell levels left.
You didn't know any spells.
Your spell library contained the following spells:

 Spells                   Type           Power      Damage    Failure   Level
 Slow                     Hex            0%         N/A       100%        1
 Cigotuvi's Dreadful Rot  Necr/Pois/Air  0%         N/A       100%        2
 Poisonous Vapours        Pois/Air       0%         N/A       100%        2
 Confusing Touch          Hex            0%         N/A       100%        3
 Mephitic Cloud           Conj/Pois/Air  0%         N/A       100%        3
 Vampiric Draining        Necr           0%         2d6       100%        3
 Summon Lightning Spire   Summ/Air       0%         N/A       100%        4
 Storm Form               Tmut/Air       0%         N/A       100%        7
 Maxwell's Capacitive Co  Air            0%         ∞         100%        8


Dungeon Overview and Level Annotations

Branches:
Dungeon (13/15)            Temple (1/1) D:7            Lair (0/5) D:10
    Orc (0/2) D:12         Bailey (visited)
 Vaults: D:13-14

Altars:
Elyvilon
Fedhas
Gozag
Hepliaklqana
Kikubaaqudgha
Nemelex Xobeh
Qazlal
Ru
Sif Muna
Uskayaw
Vehumet
Wu Jian
Xom
Yredelemnul
Zin
The Shining One

Shops:
D:3 [=[((   D:4 *   D:6 ?   D:10 ?

Annotations:
D:3 1 runed translucent door, Crazy Yiuf
D:4 Pikel
D:9 1 runed translucent door, somoking's ghost, journeyman GnHW
D:13 Rupert


Innate Abilities, Weirdness & Mutations

You have razor-sharp teeth.
Your natural rate of healing is unusually fast.
When hurt, damage is shared between your health and your magic reserves.
Your bite disrupts and absorbs the magic of your enemies.
Potions cannot restore your health.


Message History

Rupert closely misses you.
Rupert hits you with a +0 battleaxe of freezing!!
Rupert freezes you.
You hit Rupert. You drain Rupert. You bite Rupert! You drain his power.
You feel invigorated.
Rupert is lightly wounded.
You block Rupert's attack.
A gargoyle comes into view. It is wielding a +0 flail.
Rupert hits you with a +0 battleaxe of freezing!!
Rupert freezes you!
* * * LOW HITPOINT WARNING * * *
You are too injured to fight recklessly!
You are too injured to fight recklessly!
You are too injured to fight recklessly!
You are too injured to fight recklessly!
You are too injured to fight recklessly!
You feel very mighty all of a sudden.
Rupert hits you with a +0 battleaxe of freezing.
* * * LOW HITPOINT WARNING * * *
Rupert freezes you.
* * * LOW HITPOINT WARNING * * *
Rupert hits you with a +0 battleaxe of freezing!
* * * LOW HITPOINT WARNING * * *
Rupert freezes you.
* * * LOW HITPOINT WARNING * * *
You sock Rupert! You bite Rupert, but do no damage.
Rupert is moderately wounded.
Rupert hits you but does no damage. You block Rupert's attack.
Uskayaw will force your foes to helplessly watch your dance.
Uskayaw prepares the audience for your solo!
The helpless Rupert fails to defend himself.
You bludgeon Rupert!! You drain Rupert!
Rupert is heavily wounded.
Rupert is no longer paralysed.
Rupert hits you with a +0 battleaxe of freezing!
* * * LOW HITPOINT WARNING * * *
Rupert freezes you.
* * * LOW HITPOINT WARNING * * *
Rupert hits you with a +0 battleaxe of freezing!
You die...

#####....# ≈≈≈....
#.......<# ≈≈~....
.###....# ~.....
#....# #9... #....#
#...o #....# ..o
#....# #@## ##.###
#)@# #.# ##.# #.##
#.# #..# #.# ####.##
#####.###### #.....#
#..........# #...<.#
#..........####.....#
#......†......#..(..#
#..........##.#.....#


You could see Rupert (berserk, drained), a gargoyle (paralysed) and 2 orcs.

Vanquished Creatures
  A fire crab (D:10)
  An orc knight (Bailey)
  An ugly thing (D:12)
  3 cyclopes
  2 unseen horrors
  6 trolls
  A hornet (D:10)
  8 slime creatures
  3 vampires
  18 yaks
  Eustachio (D:6)
  A shadow (D:12)
  3 wraiths
  A yak (shapeshifter) (D:13)
  A steam dragon (D:9)
  2 vampire mosquitoes (D:10)
  Edmund (D:4)
  An acid dragon (D:10)
  3 water moccasins
  Duvessa (D:6)
  An ice beast (D:6)
  9 orc warriors
  A black bear (D:8)
  An ogre (D:7)
  2 centaurs
  4 lemures (D:5)
  A phantom (D:4)
  4 bullfrogs
  4 gnoll sergeants
  2 kobold brigands
  4 wights (D:6)
  Dowan (D:6)
  12 killer bees
  3 howler monkeys
  2 electric eels
  A gnoll bouda (D:7)
  3 hounds
  2 jellies (D:7)
  5 orc priests
  Jessica (D:3)
  8 orc wizards
  3 sleepcaps
  Robin (D:2)
  24 gnolls
  4 adders
  A shadow imp (D:8)
  A white imp (D:6)
  2 worms
  45 orcs
  3 bats
  4 endoplasms
  A giant cockroach (D:1)
  20 goblins
  12 hobgoblins
  5 jackals (D:3)
  3 quokkas (D:2)
  6 ball pythons
  7 frilled lizards
  15 kobolds
  4 rats
291 creatures vanquished.

Vanquished Creatures (others)
  2 gnolls (D:9)
  2 withered plants (D:9)
4 creatures vanquished.

Grand Total: 295 creatures vanquished

Notes
Turn   | Place    | Note
-------+----------+-------------------------------------------
     0 | D:1      | cforsyth the Vine Stalker Fighter began the quest for the
                  | Orb.
     0 | D:1      | Reached XP level 1. HP: 11/11 MP: 2/2
   206 | D:1      | Reached XP level 2. HP: 3/16 MP: 1/3
  1043 | D:2      | Identified the +0 leather armour of Ydiozax {Will+}
  1083 | D:2      | Reached XP level 3. HP: 18/19 MP: 4/4
  1297 | D:2      | Gained mutation: Your natural rate of healing is unusually
                  | fast. [Vine Stalker growth]
  1297 | D:2      | Reached XP level 4. HP: 12/25 MP: 1/5
  1746 | D:3      | Identified the +8 flail of Damp Duty {drain, Str+4}
  1798 | D:3      | Reached XP level 5. HP: 19/29 MP: 1/6
  1809 | D:3      | Found Viraruzy's Antique Armour Emporium.
  1906 | D:3      | Bought a pair of spiked gloves for 209 gold pieces
  1906 | D:3      | Identified the +1 pair of gloves of Vlad {Regen+} (You
                  | bought it in a shop on level 3 of the Dungeon)
  1918 | D:3      | Found Evanuqoest's Jewellery Shop.
  1978 | D:3      | Found Ugiul's Antique Armour Boutique.
  1983 | D:3      | Found Huischei's Antique Weapon Shoppe.
  1988 | D:3      | Found Zoemnumi's Weapon Shoppe.
  2088 | D:3      | Noticed Jessica
  2090 | D:3      | Killed Jessica
  2127 | D:3      | Identified the +2 helmet of Trumpets {rN++}
  2127 | D:3      | Noticed Robin
  2147 | D:2      | Killed Robin
  2400 | D:3      | Found a runed translucent door.
  2401 | D:3      | Noticed Crazy Yiuf
  2551 | D:4      | You fall into a shaft and drop 2 floors!
  2566 | D:5      | Entered Level 5 of the Dungeon
  2657 | D:4      | Found Hiebruw's Humungous Hoard.
  2755 | D:4      | Noticed Edmund
  2764 | D:4      | Killed Edmund
  2765 | D:4      | Reached XP level 6. HP: 29/35 MP: 7/7
  2880 | D:4      | Reached skill level 5 in Fighting
  3393 | D:5      | Noticed a water moccasin
  3401 | D:5      | Killed a water moccasin
  3402 | D:5      | Reached XP level 7. HP: 32/39 MP: 8/8
  3653 | D:5      | Found a glowing silver altar of Zin.
  3699 | D:5      | Found an opulent altar of Gozag.
  3729 | D:5      | Reached skill level 5 in Short Blades
  3816 | D:5      | Noticed Pikel
  4497 | D:6      | Noticed Duvessa
  4497 | D:6      | Noticed Dowan
  4527 | D:6      | Killed Duvessa
  4536 | D:6      | Killed Dowan
  4537 | D:6      | Gained mutation: You have razor-sharp teeth. [Vine Stalker
                  | growth]
  4537 | D:6      | Reached XP level 8. HP: 39/44 MP: 9/9
  4673 | D:6      | Found Tumeej's Magic Scroll Shop.
  4717 | D:6      | Noticed Eustachio
  5718 | D:6      | Killed Eustachio
  5855 | D:7      | Found a shimmering blue altar of Sif Muna.
  5979 | D:7      | Reached XP level 9. HP: 50/50 MP: 10/10
  5999 | D:7      | Found a staircase to the Ecumenical Temple.
  6060 | D:7      | Identified the staff of air "Qibaogheto" {rElec Will++
                  | Stlth-}
  6596 | Temple   | Entered the Ecumenical Temple
  6613 | Temple   | Became a worshipper of Uskayaw the Reveller
  6663 | D:8      | Reached * piety under Uskayaw
  6666 | D:8      | Reached ** piety under Uskayaw
  6669 | D:8      | Reached *** piety under Uskayaw
  6670 | D:8      | Reached **** piety under Uskayaw
  6924 | D:8      | Reached skill level 5 in Shields
  6929 | D:8      | Reached ***** piety under Uskayaw
  6961 | D:8      | Killed an unseen horror
  7415 | D:8      | Reached skill level 5 in Armour
  7556 | D:9      | Noticed a troll
  7563 | D:9      | Killed a troll
  7564 | D:9      | Reached XP level 10. HP: 56/56 MP: 11/11
  7618 | D:9      | Found a flagged portal.
  7625 | Bailey   | Entered a bailey
  7712 | Bailey   | Noticed an orc knight
  7866 | Bailey   | Killed an orc knight
  7897 | Bailey   | Identified the +0 kite shield of the Dolphin {Rampage}
  8173 | D:9      | Killed an unseen horror
  8355 | D:9      | Found a runed translucent door.
  8355 | D:9      | Noticed somoking's ghost (journeyman GnHW)
  8748 | D:8      | Reached XP level 11. HP: 54/62 MP: 12/12
  9526 | D:10     | Entered Level 10 of the Dungeon
 10013 | D:10     | Found Zueff's Magic Scroll Emporium.
 10030 | D:10     | Noticed a fire crab
 10051 | D:10     | Killed a fire crab
 10108 | D:10     | Found a staircase to the Lair.
 10724 | D:11     | Noticed a cyclops
 10734 | D:11     | Killed a cyclops
 11075 | D:11     | Noticed a cyclops
 11080 | D:11     | Killed a cyclops
 11331 | D:12     | Noticed a red ugly thing
 11341 | D:12     | Killed a red ugly thing
 11381 | D:12     | Found a staircase to the Orcish Mines.
 11393 | D:12     | Reached skill level 10 in Fighting
 11403 | D:12     | Reached XP level 12. HP: 54/67 MP: 13/13
 11726 | D:12     | Reached skill level 10 in Short Blades
 12018 | D:13     | Noticed Rupert
 12027 | D:13     | HP: 2/68 [Rupert/+0 battleaxe of freezing (7)]
 12027 | D:13     | Demolished by Rupert

Illustrated notes

Levels and vault maps discovered:
D:1:      doesnt_arrival_eight_statues, layout_basic,
          chequers_serial_rivers_large_a, dreamdust_princess_corridor,
          minmay_misc_feat_doors, minmay_misc_feat_cross
D:2:      layout_basic
D:3:      layout_basic, serial_shops, nicolae_square_shop, shop, shop, shop,
          shop_coins, uniq_robin, uniq_jessica, uniq_crazy_yiuf_cottage
D:4:      cheibrodos_greedy_goblins, layout_basic, glass_columns_a,
          nrook_mini_backslash, nicolae_alphabet_shops, minmay_cut_off,
          uniq_edmund
D:5:      layout_cave_pools, mainiacjoe_overflow_paths, kennysheep_mini,
          nicolae_titane, uniq_pikel
D:6:      layout_loops_corners, serial_shops, nicolae_inconvenience_store,
          nicolae_water_bricks, moated_statue, minmay_unpleasant_kobolds,
          uniq_eustachio, uniq_duvessa
D:7:      layout_loops_ring, amcnicky_altar_gilded,
          minmay_temple_entry_purple_smoke
D:8:      layout_cave_pods, minmay_misc_feat_x
D:9:      layout_basic, gammafunk_ghost_grave, enter_bailey_2
D:10:     layout_cave_pods, minmay_lair_entry_lava, serial_column_ruins,
          column_ruins_circle_large, column_ruins_hut,
          column_ruins_columns_corner, column_ruins_grid_1,
          column_ruins_columns_straight, column_ruins_columns_straight,
          serial_shops, shop, hangedman_glass_teeth, nicolae_lava_and_water,
          grunt_ministairs_5
D:11:     layout_long_grid
D:12:     layout_basic, orc_0_dummy
D:13:     layout_roguey, grunt_vaults_entry_fortified, slow_altar_2, uniq_rupert
Temple:   nicolae_temple_bog_church

Skill      XL: |  1  2  3  4  5  6  7  8  9 10 11 12 |
---------------+-------------------------------------+-----
Short Blades   | 2 3 4 5 6 7 8 9 10 | 10.0
Fighting       | 3 4 5 6 7 8 9 10 | 10.3
Shields        | 4 5 6 8 |  8.6
Armour         | 3 5 6 7 |  7.8

Action                     |  1- 3 |  4- 6 |  7- 9 | 10-12 || total
---------------------------+-------+-------+-------+-------++-------
  Melee: Rapier            |   102 |    31 |       |       ||   133
         Bite              |    19 |    26 |    64 |   132 ||   241
         Flail             |       |    94 |   244 |   369 ||   707
  Evoke: Wand              |       |     5 |       |     3 ||     8
    Use: Scroll            |       |       |    17 |     3 ||    20
         Potion            |       |       |       |     2 ||     2
   Stab: Paralysed         |       |       |     6 |    22 ||    28
 Armour: Scale mail        |    46 |    85 |   202 |    60 ||   393
         Crystal plate arm |       |       |       |   379 ||   379
  Dodge: Dodged            |    49 |    93 |   120 |   141 ||   403
  Block: Buckler           |    16 |    59 |   103 |   174 ||   352

Table legend: (Time is in decaauts)
 A = Elapsed time spent in this place.
 B = Non-inter-level travel time spent in this place.
 C = Inter-level travel time spent in this place.
 D = Time resting spent in this place.
 E = Time spent auto-exploring this place.
 F = Levels seen in this place.
 G = Mean time per level.
                   A        B        C        D        E       F      G
               +--------+--------+--------+--------+--------+-----+--------+
         Total |  12420 |  11631 |    789 |    858 |   8075 |  15 |  828.0 |
       Dungeon |  11880 |  11102 |    778 |    758 |   7975 |  13 |  913.8 |
        Temple |     28 |     17 |     11 |      0 |      8 |   1 |   28.0 |
        Bailey |    511 |    511 |      0 |    100 |     91 |   1 |  511.0 |
               +--------+--------+--------+--------+--------+-----+--------+

Top non-repeatable levels by time:
     D:6: 1354 daAuts
    D:10: 1226 daAuts
     D:9: 1170 daAuts
     D:8: 1082 daAuts
     D:2: 1068 daAuts
     D:5: 1034 daAuts
     D:4: 1032 daAuts
     D:7: 882 daAuts
     D:1: 836 daAuts
     D:3: 835 daAuts
    D:12: 688 daAuts
    D:11: 535 daAuts
  Bailey: 511 daAuts
    D:13: 133 daAuts
  Temple: 28 daAuts
